 Dungeon Crawl Stone Soup version 0.29.1-12-g30fa7ad0bf (webtiles) character file.

Game seed: 8402073939176622875

1708 croobank the Sneak (level 9, -10/61 HPs)
             Began as an Octopode Conjurer on Jan 6, 2023.
             Mangled by Pikel
             ... wielding a +2 whip of electrocution
              (12 damage)
             ... on level 7 of the Dungeon.
             The game lasted 00:20:22 (8623 turns).

croobank the Sneak (Octopode Conjurer)              Turns: 8623, Time: 00:20:22

Health: -10/61     AC:  1    Str:  6    XL:     9   Next: 3%
Magic:  15/15      EV: 14    Int: 24    God:
Gold:   271        SH:  0    Dex: 11    Spells: 6/16 levels left

rFire   . . .      SeeInvis .   j - +0 short sword (spect)
rCold   + . .      Faith    .   (no shield)
rNeg    . . .      Spirit   .   (helmet restricted)
rPois   .          Reflect  .   (no amulet)
rElec   .          Harm     .   e - +4 ring of slaying
rCorr   .          Rampage  .   l - ring of protection from cold
Will    .....                   (no ring)
Stlth   ++++......              (no ring)
HPRegen 0.20/turn               (no ring)
MPRegen 0.14/turn               (no ring)
                                (no ring)
                                (no ring)

@: no status effects
A: almost no armour, amphibious, 8 rings, camouflage 1, gelatinous body 1,
(nimble swimmer 1), tentacles
a: no special abilities


You were on level 7 of the Dungeon.
You visited 1 branch of the dungeon, and saw 7 of its levels.

You collected 271 gold pieces.

Inventory:

Hand Weapons
 b - a +0 sling
 j - a +0 spectral short sword (weapon)
 k - a +2 mace of draining
 D - a +3 hand axe of freezing
 E - a +2 war axe of venom
 G - a +2 whip of electrocution
Missiles
 w - 5 curare-tipped darts
Magical Staves
 C - a staff of conjuration
Jewellery
 e - a +4 ring of slaying (left tentacle)
 l - a ring of protection from cold (right tentacle)
Wands
 r - a wand of polymorph (9)
 x - a wand of light (9)
Scrolls
 c - a scroll of summoning
 h - a scroll of magic mapping
 i - a scroll of fear
 q - a scroll of amnesia
 F - a scroll of poison
Potions
 d - a potion of attraction {unknown}
 f - 3 potions of haste
 m - 2 potions of cancellation
 n - a potion of ambrosia
 o - a potion of brilliance {unknown}
 u - 3 potions of heal wounds
 v - 3 potions of flight
 z - a potion of invisibility
 A - a potion of might {unknown}
 B - a potion of mutation {unknown}


   Skills:
 + Level 5.0 Fighting
 + Level 4.5 Dodging
 + Level 6.6 Stealth
 + Level 4.2 Spellcasting
 + Level 5.8 Conjurations
 + Level 3.3 Hexes
 * Level 3.1 Translocations


You had 6 spell levels left.
You knew the following spells:

 Your Spells              Type           Power      Damage    Failure   Level
a - Magic Dart            Conj           100%       1d8       1%          1
b - Searing Ray           Conj           66%        2d6       1%          2
c - Dazzling Flash        Conj/Hex       54%        N/A       4%          3
d - Iskenderun's Mystic   Conj/Tloc      26%        2d7       14%         4

Your spell library contained the following spells:

 Spells                   Type           Power      Damage    Failure   Level
 Beastly Appendage        Tmut           10%        N/A       10%         1
 Wereblood                Tmut           5%         N/A       14%         2
 Fulminant Prism          Conj/Hex       13%        3d9       14%         4
 Spider Form              Tmut/Pois      5%         N/A       28%         3
 Leda's Liquefaction      Hex/Erth       6%         N/A       43%         4
 Corpse Rot               Necr/Pois/Air  5%         N/A       67%         4
 Lee's Rapid Deconstruct  Erth           2%         3d6*      95%         5
 Shatter                  Erth           2%         3d6*      100%        9


Dungeon Overview and Level Annotations

Branches:
Dungeon (7/15)             Temple (0/1) D:7

Altars:
Qazlal
Sif Muna
Xom

Shops:
D:6 :

Annotations:
D:4 2 runed translucent doors, Taurus's ghost, amateur FeSu
D:6 Grinder
D:7 Pikel


Innate Abilities, Weirdness & Mutations

You cannot wear most types of armour.
You are amphibious.
You can wear up to eight rings at the same time.
Your skin changes colour to match your surroundings (Stealth+).
Your rubbery body absorbs attacks. (AC +1, EV +1)
((You are camouflaged when in or above water. (Stealth+)))
You have tentacles for arms and can constrict up to eight enemies at once.


Message History

The mystic blast hits Pikel.
Pikel is heavily wounded.
The mystic blast hits the lemure.
The lemure is moderately wounded.
The lemure is knocked back by the mystic blast.
Pikel barely misses you.
Casting: Iskenderun's Mystic Blast (dangerous; 14% risk of failure)
Confirm with . or Enter, or press ? or * to list all spells.
Aiming: Searing Ray (safe; 1% risk of failure)
Press: ? - help, Shift-Dir - straight line, f/p - Pikel
Aim: Pikel, wielding a +2 whip of electrocution and wearing a +0 robe (heavily wounded, 76% to hit)
The searing ray hits Pikel!
Pikel is heavily wounded. (Press . to maintain the ray.) Pikel hits you with a +2 whip of electrocution!
The searing ray hits Pikel but does no damage.
Pikel is heavily wounded.
The searing ray hits the lemure.
The lemure is moderately wounded.
The lemure completely misses you.
Pikel hits you with a +2 whip of electrocution.
You are electrocuted!
The searing ray hits Pikel.
Pikel is severely wounded.
The searing ray misses the lemure.
The lemure barely misses you. Pikel closely misses you.
The searing ray hits Pikel but does no damage.
Pikel is severely wounded.
You finish channelling your searing ray.
The lemure hits you.
Pikel hits you with a +2 whip of electrocution.
You are electrocuted!!
* * * LOW HITPOINT WARNING * * *
Casting: Searing Ray (safe; 1% risk of failure)
Confirm with . or Enter, or press ? or * to list all spells.
You don't have enough magic to cast this spell.
Magic courses through your body. The lemure hits you.
* * * LOW HITPOINT WARNING * * *
Pikel hits you with a +2 whip of electrocution!
You die...

## ... #..
#.# #.⌠.
#.#
#...###.#
........#
..>..⌠55#
.....5K5#
#@# #!#
###.#
#.#.###.#.
#<.........
#######.#..


You could see Pikel and 4 lemures.

Vanquished Creatures
  A water moccasin (D:5)
  3 ogres
  A centaur (D:5)
  A phantom (D:6)
  A necrophage (D:4)
  A bullfrog (D:6)
  2 scorpions
  5 wights (D:5)
  5 hounds
  2 jellies
  An orc priest (D:4)
  Jessica (D:3)
  2 iguanas
  3 orc wizards
  Robin (D:4)
  12 gnolls
  4 adders
  A white imp (D:6)
  An ufetubus (D:6)
  A worm (D:2)
  4 dart slugs
  12 orcs
  6 ball pythons
  7 bats
  5 endoplasms
  A giant cockroach (D:1)
  11 goblins
  11 hobgoblins
  9 kobolds
  6 quokkas
  12 frilled lizards
  10 rats
143 creatures vanquished.

Notes
Turn   | Place    | Note
-------+----------+-------------------------------------------
     0 | D:1      | croobank the Octopode Conjurer began the quest for the Orb.
     0 | D:1      | Reached XP level 1. HP: 11/11 MP: 3/3
   143 | D:1      | Reached skill level 3 in Stealth
   143 | D:1      | Reached XP level 2. HP: 6/17 MP: 0/5
   446 | D:1      | Learned a level 2 spell: Searing Ray
   551 | D:1      | Reached XP level 3. HP: 21/21 MP: 6/6
  1585 | D:2      | Found a faded altar of an unknown god.
  1948 | D:2      | Reached XP level 4. HP: 15/27 MP: 7/7
  2105 | D:2      | Learned a level 3 spell: Dazzling Flash
  2286 | D:2      | Reached skill level 4 in Stealth
  2586 | D:3      | Got the Secrets of the Cankerous Geologist
  2633 | D:3      | Found a shimmering altar of Xom.
  2836 | D:3      | Noticed Jessica
  2840 | D:3      | Killed Jessica
  2841 | D:3      | Reached skill level 1 in Fighting
  2841 | D:3      | Reached XP level 5. HP: 33/33 MP: 5/9
  3496 | D:4      | Found a stormy altar of Qazlal.
  3603 | D:4      | Reached skill level 1 in Hexes
  3863 | D:4      | Reached XP level 6. HP: 38/39 MP: 1/10
  3871 | D:4      | Learned a level 4 spell: Iskenderun's Mystic Blast
  4268 | D:4      | Found a large runed translucent door.
  4269 | D:4      | Found a large runed translucent door.
  4272 | D:4      | Noticed Taurus's ghost (amateur FeSu)
  4634 | D:4      | Noticed Robin
  4642 | D:4      | Killed Robin
  4951 | D:5      | Entered Level 5 of the Dungeon
  4955 | D:5      | Found a shimmering blue altar of Sif Muna.
  5128 | D:5      | Reached XP level 7. HP: 45/45 MP: 5/12
  5158 | D:5      | Reached skill level 5 in Stealth
  5158 | D:5      | Reached skill level 5 in Conjurations
  5335 | D:5      | Reached skill level 1 in Translocations
  5756 | D:5      | Reached XP level 8. HP: 54/54 MP: 5/13
  6434 | D:5      | Reached skill level 6 in Stealth
  7954 | D:6      | Reached skill level 5 in Fighting
  7954 | D:6      | Reached XP level 9. HP: 57/61 MP: 9/15
  8080 | D:6      | Found Kounot's Book Emporium.
  8278 | D:6      | Noticed Grinder
  8610 | D:7      | Noticed Pikel
  8612 | D:7      | Found a staircase to the Ecumenical Temple.
  8623 | D:7      | HP: 2/61 [lemure[Pikel] (3)]
  8623 | D:7      | Mangled by Pikel

Illustrated notes

Levels and vault maps discovered:
D:1:      ebering_trefoil_3fold, layout_loops_corners, minmay_misc_feat_columns,
          minmay_bisected
D:2:      layout_rooms, shapermc_ecumenical_altar_mp_highgroup
D:3:      layout_loops_ring, mainiacjoe_overflow_tiny_flanked, uniq_jessica
D:4:      layout_rooms, mainiacjoe_overflow_concentric_impassable,
          ebering_ghost_disaster_area, serial_corexii_hall,
          corexii_hall_statues_l, chequers_hall_statues_wall_a, uniq_robin
D:5:      layout_basic, nicolae_sif_muna_condensation,
          chequers_serial_rivers_micro_b
D:6:      layout_basic, serial_shops, shop, grunt_ministairs_6,
          minmay_curled_crystal, hex_medium, uniq_grinder,
          uniq_crazy_yiuf_cottage
D:7:      layout_basic, lightli_temple_of_fire, mainiacjoe_overflow_brackets,
          minmay_temple_entry_junction, serial_shops, shop, uniq_prince_ribbit1,
          uniq_pikel

Skill      XL: |  1  2  3  4  5  6  7  8 |
---------------+-------------------------+-----
Stealth        | 3 4 5 6 |  6.6
Fighting       | 1 2 3 5 |  5.0
Dodging        | 3 4 |  4.5
Spellcasting   | 3 4 |  4.2
Hexes          | 1 2 3 |  3.3
Conjurations   | 5 |  5.8
Translocations | 1 3 |  3.1

Action                   |  1- 3 |  4- 6 |  7- 9 || total
-------------------------+-------+-------+-------++-------
Melee: Unarmed           |    36 |       |       ||    36
       Constrict         |    15 |     7 |     3 ||    25
       Tentacles         |     4 |     2 |     4 ||    10
       Mace              |     6 |    28 |       ||    34
       Short sword       |     1 |       |       ||     1
       Staff             |       |       |     9 ||     9
 Cast: Magic Dart        |    22 |    72 |    33 ||   127
       Searing Ray       |    11 |    19 |    39 ||    69
       Dazzling Flash    |       |     1 |       ||     1
       Iskenderun's Myst |       |       |     2 ||     2
  Use: Scroll            |       |       |    17 ||    17
       Potion            |       |       |     2 ||     2
 Stab: Sleeping          |    11 |     1 |     1 ||    13
Armor: Skin              |     4 |     1 |     3 ||     8
Dodge: Dodged            |    26 |    33 |    41 ||   100
